AoeStats
← RoR | Vodka_L_2

Arabia

510107088Analyzed
1v1 RM · 2d ago on Sep 29, 2026· 78m 11s· 2 players
Game mode
Random Map
Map size
Tiny (2 player)
Population
200
Speed
Normal
Resources
Standard
Victory
Conquest
Starting age
Dark Age
Ending age
Imperial Age
RankedLock teamsTeams togetherTeam positionsShared explorationLock speedFull tech treeHidden civsTurbo modeCheats
Victory
Defeat
🇦🇷 Varangians · Argentina
2717
+11
🇮🇹 Danes · Italy
2603
-11
RoR | Vodka_L_2
7:54 Loom
10:16 Feudal Age
11:33 Double-Bit Axe
12:24 Horse Collar
18:32 Castle Age
17:03 Padded Archer Armor
17:13 Fletching
17:46 Gold Mining
17:41 Horse Collar
19:12 Bodkin Arrow
19:37 Bow Saw
20:03 Elite Skirmisher
22:58 Ballistics
23:50 Wheelbarrow
23:46 Leather Archer Armor
23:26 Town Watch
32:33 Imperial Age
33:35 Capped Ram
34:19 Heavy Plow
34:23 Scale Mail Armor
37:05 Chain Mail Armor
37:33 Squires
38:18 Plate Mail Armor
38:54 Bracer
40:00 Ring Archer Armor
41:33 Chemistry
44:49 Conscription
45:14 Forging
44:53 Gambesons
46:36 Elite Varangian Guard
47:46 Hand Cart
49:06 Iron Casting
51:25 Blast Furnace
50:56 Stone Mining
51:30 Capped Ram
51:32 Hamask
53:02 Masonry
52:39 Siege Ram
66:17 Pikeman
67:07 Halberdier
wR.Monoz
6:58 Loom
9:18 Feudal Age
9:49 Double-Bit Axe
9:44 Horse Collar
19:11 Castle Age
17:20 Gold Mining
17:46 Fletching
19:13 Scale Barding Armor
19:14 Crossbowman
19:55 Bodkin Arrow
20:34 Bow Saw
22:14 Wheelbarrow
22:32 Bloodlines
23:25 Elite Skirmisher
25:11 Padded Archer Armor
27:10 Hand Cart
27:47 Ballistics
28:59 Town Watch
37:13 Imperial Age
37:10 Leather Archer Armor
37:26 Masonry
37:56 Bracer
38:56 Chemistry
38:56 Husbandry
40:01 Ring Archer Armor
43:56 Heavy Plow
45:17 Conscription
45:14 Siege Engineers
45:42 Heavy Mounted Crossbowman
46:40 Cranequins
48:48 Chain Barding Armor
50:17 Plate Barding Armor
49:53 Forging
49:45 Light Cavalry
50:38 Guilds
51:42 Crop Rotation
50:54 Hussar
52:30 Iron Casting
54:16 Blast Furnace
56:01 Two-Man Saw
55:47 Scale Mail Armor
Connection lost

Rejoining the realm…

Still unreachable

The connection could not be restored.

Session expired

The server has moved on; the page needs a fresh start.